[Event "FIDE WCCC Open-08 2024"]
[Site "Montesilvano"]
[Date "2024.11.26"]
[Round "11.21"]
[White "Kuncoro, Leo"]
[Black "Mankovich, Yoav"]
[Result "1-0"]
[ECO "C58"]
[WhiteElo "1726"]
[BlackElo "1490"]
[Annotator "NA RC"]
[PlyCount "83"]
[EventDate "2024.11.18"]
[EventType "swiss"]
[EventCountry "ITA"]
[SourceTitle "playchess.com"]
[Source "ChessBase"]
[SourceQuality "1"]
[TimeControl "5400+30"]

1. e4 e5 2. Nf3 Nc6 3. Bc4 Nf6 4. Ng5 d5 5. exd5 Na5 6. Bb5+ c6 7. dxc6 bxc6 8. Qf3 cxb5 9. Qxa8 Qc7 10. Qf3 Nc6 11. c3 Bg4 12. Qe3 Nd4 13. Na3 Ne2 14. Nxb5 Qb8 15. a4 Be7 16. Qxa7 Qc8 17. Nxf7 O-O 18. Qxe7 Qc4 19. Nxe5 Qd5 20. f3 Bh5 21. Qd6 Nf4 22. Qxd5+ N6xd5 23. Kf2 Ra8 24. d4 Ne6 25. Bd2 Be8 26. c4 Nb6 27. Be3 Rxa4 28. Rxa4 Nxa4 29. Nd6 Kf8 30. b3 Nb6 31. Nxe8 Kxe8 32. d5 Nxd5 33. cxd5 Nc7 34. d6 Nb5 35. Bc5 g5 36. d7+ Kd8 37. Bb6+ Nc7 38. Rc1 g4 39. Bxc7+ Ke7 40. d8=Q+ Ke6 41. Rc6+ Kf5 42. Qf6# 1-0

[Event "FIDE WCCC Open-08 2024"]
[Site "Montesilvano"]
[Date "2024.11.26"]
[Round "11.22"]
[White "Vo, Daniel"]
[Black "Saathvik Chakravarthy Ramayana"]
[Result "1-0"]
[ECO "A01"]
[WhiteElo "1711"]
[BlackElo "1466"]
[Annotator "NA RC"]
[PlyCount "91"]
[EventDate "2024.11.18"]
[EventType "swiss"]
[EventCountry "ITA"]
[SourceTitle "playchess.com"]
[Source "ChessBase"]
[SourceQuality "1"]
[TimeControl "5400+30"]

1. b3 e5 2. Bb2 Nc6 3. e3 d5 4. Bb5 Bd6 5. Nf3 f6 6. d4 e4 7. Nfd2 Nge7 8. c4 Bb4 9. O-O Bxd2 10. Nxd2 Be6 11. Rc1 O-O 12. cxd5 Bxd5 13. Ba3 f5 14. Qh5 Rf6 15. Rc2 Rg6 16. Bc4 Qe8 17. Bxd5+ Nxd5 18. Qxf5 Nf6 19. d5 Ne7 20. Qe6+ Kh8 21. Qxe7 Qxe7 22. Bxe7 Nxd5 23. Ba3 Re8 24. Rc4 b5 25. Rxe4 Rxe4 26. Nxe4 b4 27. Bb2 Ra6 28. Rd1 c6 29. Rd2 Kg8 30. Bd4 Ra5 31. Rc2 Ra6 32. Nc5 Ra5 33. e4 Nc3 34. Nb7 Rxa2 35. Rxa2 Nxa2 36. Bxa7 Nc1 37. Na5 Kf7 38. Kf1 Ke6 39. Be3 Na2 40. Nxc6 Kd6 41. Nd4 Ke5 42. f3 h5 43. Ke1 Nc3 44. Nc6+ Kd6 45. Nxb4 h4 46. Bd4 1-0

[Event "FIDE WCCC Open-08 2024"]
[Site "Montesilvano"]
[Date "2024.11.26"]
[Round "11.23"]
[White "Movsisyan, Samvel"]
[Black "Mohamed Fouad, Yahia"]
[Result "1-0"]
[ECO "B12"]
[WhiteElo "1604"]
[BlackElo "1705"]
[Annotator "NA RC"]
[PlyCount "86"]
[EventDate "2024.11.18"]
[EventType "swiss"]
[EventCountry "ITA"]
[SourceTitle "playchess.com"]
[Source "ChessBase"]
[SourceQuality "1"]
[TimeControl "5400+30"]

1. e4 c6 2. d4 d5 3. e5 Bf5 4. Nf3 e6 5. Be3 Nd7 6. Be2 Qb6 7. b3 Ne7 8. O-O Bg6 9. c4 Nf5 10. c5 Qc7 11. b4 b6 12. Nc3 bxc5 13. bxc5 Nxe3 14. fxe3 Be7 15. Bd3 O-O 16. Bxg6 hxg6 17. e4 Qa5 18. Qd2 Rfd8 19. Nxd5 Qxd2 20. Nxe7+ Kf8 21. Nxg6+ fxg6 22. Nxd2+ Kg8 23. Nc4 Rab8 24. Rab1 Nf8 25. Nd6 Nh7 26. h4 g5 27. d5 cxd5 28. c6 Rxb1 29. Rxb1 d4 30. c7 Rf8 31. Rb8 d3 32. Rxf8+ Nxf8 33. c8=Q d2 34. Qc2 d1=Q+ 35. Qxd1 gxh4 36. Qh5 g6 37. Qxh4 Kg7 38. Qf6+ Kg8 39. Qf7+ Kh8 40. Qxf8+ Kh7 41. Nf7 g5 42. Nxg5+ Kg6 43. Qf4 Kh5 1-0

[Event "FIDE WCCC Open-08 2024"]
[Site "Montesilvano"]
[Date "2024.11.26"]
[Round "11.26"]
[White "Lan, Kai Zhou"]
[Black "Muratshin, Ramazan"]
[Result "0-1"]
[ECO "C06"]
[WhiteElo "1784"]
[BlackElo "1597"]
[Annotator "NA RC"]
[PlyCount "60"]
[EventDate "2024.11.18"]
[EventType "swiss"]
[EventCountry "ITA"]
[SourceTitle "playchess.com"]
[Source "ChessBase"]
[SourceQuality "1"]
[TimeControl "5400+30"]

1. e4 e6 2. d4 d5 3. Nd2 Nf6 4. e5 Nfd7 5. Bd3 c5 6. c3 Nc6 7. Ndf3 cxd4 8. cxd4 Bb4+ 9. Bd2 Qb6 10. Ne2 Nf8 11. h4 Bxd2+ 12. Qxd2 Qb4 13. Nc3 a6 14. h5 h6 15. a3 Qa5 16. Qf4 Nb4 17. Bb1 Bd7 18. O-O Nc6 19. Nd2 Qb6 20. Nce4 Nxd4 21. Nd6+ Qxd6 22. Qxf7+ Kxf7 23. exd6 Bb5 24. Re1 Rd8 25. a4 Bc4 26. Re3 a5 27. b3 Ba6 28. Rd3 Bxd3 29. Bxd3 Rxd6 30. Rc1 Rc6 0-1

[Event "FIDE WCCC Open-08 2024"]
[Site "Montesilvano"]
[Date "2024.11.26"]
[Round "11.27"]
[White "Tuguldur, Baatarchuluun"]
[Black "Alloussi, Arian"]
[Result "1-0"]
[ECO "C84"]
[WhiteElo "1590"]
[BlackElo "1745"]
[Annotator "NA RC"]
[PlyCount "59"]
[EventDate "2024.11.18"]
[EventType "swiss"]
[EventCountry "ITA"]
[SourceTitle "playchess.com"]
[Source "ChessBase"]
[SourceQuality "1"]
[TimeControl "5400+30"]

1. e4 e5 2. Nf3 Nc6 3. Bb5 a6 4. Ba4 Nf6 5. d3 d6 6. c3 Be7 7. O-O b5 8. Bc2 O-O 9. Re1 Bb7 10. Nbd2 Re8 11. Nf1 Bf8 12. Bg5 g6 13. Qd2 Bg7 14. Ng3 Qd7 15. Bd1 d5 16. Bxf6 Bxf6 17. exd5 Qxd5 18. Bb3 Qd7 19. Ne4 Bg7 20. Nc5 Qc8 21. d4 Rb8 22. dxe5 Na5 23. e6 Nxb3 24. exf7+ Kxf7 25. axb3 Bxf3 26. Qf4+ Kg8 27. Qxf3 Rxe1+ 28. Rxe1 Rb6 29. Qd5+ Kh8 30. Qf7 1-0

[Event "FIDE WCCC Open-08 2024"]
[Site "Montesilvano"]
[Date "2024.11.26"]
[Round "11.28"]
[White "Kalinin, Bogdan"]
[Black "Kapitanski, Furion"]
[Result "0-1"]
[ECO "C56"]
[WhiteElo "1548"]
[BlackElo "1707"]
[Annotator "NA RC"]
[PlyCount "68"]
[EventDate "2024.11.18"]
[EventType "swiss"]
[EventCountry "ITA"]
[SourceTitle "playchess.com"]
[Source "ChessBase"]
[SourceQuality "1"]
[TimeControl "5400+30"]

1. e4 e5 2. Nf3 Nc6 3. Bc4 Nf6 4. d4 exd4 5. O-O Nxe4 6. Re1 d5 7. Bxd5 Qxd5 8. Nc3 Qh5 9. Nxe4 Be7 10. Bg5 Bg4 11. Bxe7 Nxe7 12. Qxd4 Bxf3 13. gxf3 Qxf3 14. Qxg7 O-O-O 15. Ng3 Nd5 16. Re4 Nf4 17. Rxf4 Qxf4 18. Qc3 h5 19. Ne2 Qg4+ 20. Kf1 Rhg8 21. Ke1 Rge8 22. Qe3 Rxe3 23. fxe3 Qf3 24. Rd1 Qh1+ 25. Kf2 Rxd1 26. Ng3 Qxh2+ 27. Kf3 h4 28. Nf5 h3 29. Ke4 Qg2+ 30. Ke5 h2 31. Kf4 f6 32. Ng3 h1=Q 33. Nxh1 Rf1+ 34. Nf2 Rxf2# 0-1

[Event "FIDE WCCC Open-08 2024"]
[Site "Montesilvano"]
[Date "2024.11.26"]
[Round "11.29"]
[White "Kiss, Lorinc Istvan"]
[Black "Arsenijevic, Matija"]
[Result "0-1"]
[ECO "B13"]
[WhiteElo "1501"]
[BlackElo "1700"]
[Annotator "NA RC"]
[PlyCount "136"]
[EventDate "2024.11.18"]
[EventType "swiss"]
[EventCountry "ITA"]
[SourceTitle "playchess.com"]
[Source "ChessBase"]
[SourceQuality "1"]
[TimeControl "5400+30"]

1. e4 c6 2. d4 d5 3. exd5 cxd5 4. Bd3 Nc6 5. c3 Nf6 6. Bf4 Bg4 7. Nf3 e6 8. Nbd2 Bd6 9. Bxd6 Qxd6 10. O-O O-O 11. Re1 Rfc8 12. Qb3 Bxf3 13. Nxf3 Na5 14. Qa4 Nc4 15. Qc2 h6 16. Ne5 b5 17. a4 b4 18. Qe2 Na5 19. Ba6 Rc7 20. Qd3 Nd7 21. Rac1 bxc3 22. bxc3 Nxe5 23. dxe5 Qc5 24. Qd4 Nb3 25. Qxc5 Nxc5 26. Be2 Nxa4 27. c4 dxc4 28. Rxc4 Rxc4 29. Bxc4 Rc8 30. Bd3 Nb2 31. Be4 a5 32. h3 a4 33. Rb1 a3 34. Ra1 Rc4 35. Bb1 Rc1+ 36. Kh2 g6 37. Rxa3 Rxb1 38. Rb3 Kg7 39. h4 g5 40. h5 Kf8 41. Kg3 Ke8 42. Kf3 Nc4 43. Rxb1 Nd2+ 44. Kg4 Nxb1 45. f4 gxf4 46. Kxf4 Ke7 47. g4 f6 48. exf6+ Kxf6 49. g5+ hxg5+ 50. Kg4 Nc3 51. h6 Ne4 52. Kf3 Nd6 53. Kg4 Nf7 54. h7 Kg7 55. h8=Q+ Kxh8 56. Kf3 Kg7 57. Ke4 Kg6 58. Kf3 Kf5 59. Kg3 Ne5 60. Kf2 Kf4 61. Kg2 g4 62. Kh2 g3+ 63. Kg2 Ng6 64. Kh3 Nh4 65. Kxh4 g2 66. Kh5 g1=Q 67. Kh6 Qg8 68. Kh5 Qg5# 0-1

[Event "FIDE WCCC Open-08 2024"]
[Site "Montesilvano"]
[Date "2024.11.26"]
[Round "11.30"]
[White "Lau, Great Boyou"]
[Black "Su, Milo"]
[Result "0-1"]
[ECO "B26"]
[WhiteElo "1514"]
[BlackElo "1696"]
[Annotator "NA RC"]
[PlyCount "138"]
[EventDate "2024.11.18"]
[EventType "swiss"]
[EventCountry "ITA"]
[SourceTitle "playchess.com"]
[Source "ChessBase"]
[SourceQuality "1"]
[TimeControl "5400+30"]

1. e4 c5 2. Nc3 Nc6 3. Nge2 g6 4. g3 Bg7 5. Bg2 e6 6. O-O Nge7 7. d3 O-O 8. Be3 d6 9. Qd2 Nd4 10. Bh6 Bxh6 11. Qxh6 Nxc2 12. Rac1 Nb4 13. Rcd1 Rb8 14. f4 f5 15. Rd2 b6 16. a3 Nbc6 17. d4 Ba6 18. d5 exd5 19. exf5 Nxf5 20. Bxd5+ Kh8 21. Qh3 Ncd4 22. Rf2 Nxe2+ 23. Nxe2 Re8 24. Bc6 Re7 25. b4 Bc8 26. Qf1 Be6 27. Qa1+ Kg8 28. Nc3 Nd4 29. Bg2 Nb3 30. Qb2 Nxd2 31. Rxd2 cxb4 32. axb4 Rf7 33. Ne4 Qe7 34. Ng5 Bc4 35. Rd1 Qe3+ 36. Kh1 Rf5 37. Qc1 Qxc1 38. Rxc1 d5 39. Ne6 Re8 40. g4 Rf7 41. f5 gxf5 42. gxf5 Rxf5 43. Bh3 Rf6 44. Rg1+ Rg6 45. Rxg6+ hxg6 46. Kg1 a5 47. bxa5 bxa5 48. Nc5 d4 49. Bd7 Re1+ 50. Kf2 Re2+ 51. Kf3 d3 52. Nxd3 Bxd3 53. h4 Re7 54. Ba4 Re4 55. Bb3+ Kg7 56. Ba2 Rxh4 57. Bb3 a4 58. Ba2 a3 59. Kg3 Rb4 60. Kf3 Bc4 61. Bxc4 Rxc4 62. Ke2 a2 63. Kd3 Rc1 64. Kd2 a1=Q 65. Kd3 Qa4 66. Kd2 Qc4 67. Ke3 Rc3+ 68. Kf2 Qa2+ 69. Ke1 Rc1# 0-1

[Event "FIDE WCCC Open-08 2024"]
[Site "Montesilvano"]
[Date "2024.11.26"]
[Round "11.31"]
[White "Lee, David J"]
[Black "Mudriievskyi, Jan"]
[Result "0-1"]
[ECO "B78"]
[WhiteElo "1446"]
[BlackElo "1682"]
[Annotator "NA RC"]
[PlyCount "114"]
[EventDate "2024.11.18"]
[EventType "swiss"]
[EventCountry "ITA"]
[SourceTitle "playchess.com"]
[Source "ChessBase"]
[SourceQuality "1"]
[TimeControl "5400+30"]

1. e4 c5 2. Nf3 d6 3. d4 cxd4 4. Nxd4 Nf6 5. Nc3 g6 6. f3 Bg7 7. Be3 O-O 8. Qd2 Nc6 9. Bc4 Bd7 10. O-O-O Rc8 11. Bb3 Nxd4 12. Bxd4 b5 13. Nd5 Nxd5 14. Bxg7 Kxg7 15. exd5 a5 16. a3 Qc7 17. g4 f5 18. g5 a4 19. Ba2 f4 20. Qd4+ Kg8 21. Rd2 Bf5 22. Bb1 Qc5 23. h4 Qxd4 24. Rxd4 Bd7 25. h5 Rf5 26. hxg6 hxg6 27. Rg1 Rc5 28. c3 Rfxd5 29. Rxd5 Rxd5 30. Bxg6 Kg7 31. Be4 Re5 32. Kd2 Be6 33. Kd3 Bf5 34. Bxf5 Rxf5 35. Ke4 Kg6 36. Rg2 Rxg5 37. Rd2 Rf5 38. b3 axb3 39. Rb2 Rc5 40. Rxb3 e5 41. Kd3 Kf5 42. Rb1 d5 43. Rf1 Rc4 44. Rc1 d4 45. Rc2 Rxc3+ 46. Rxc3 dxc3 47. Kxc3 e4 48. Kd2 exf3 49. Ke1 Ke5 50. Kf2 Ke4 51. Kf1 Ke3 52. Ke1 f2+ 53. Kf1 f3 54. a4 b4 55. a5 b3 56. a6 b2 57. a7 b1=Q# 0-1

[Event "FIDE WCCC Open-08 2024"]
[Site "Montesilvano"]
[Date "2024.11.26"]
[Round "11.32"]
[White "Szumiec, Jan"]
[Black "Shroff, Dhairya Amit"]
[Result "1-0"]
[ECO "C06"]
[WhiteElo "1678"]
[BlackElo "1444"]
[Annotator "NA RC"]
[PlyCount "65"]
[EventDate "2024.11.18"]
[EventType "swiss"]
[EventCountry "ITA"]
[SourceTitle "playchess.com"]
[Source "ChessBase"]
[SourceQuality "1"]
[TimeControl "5400+30"]

1. e4 e6 2. d4 d5 3. Nd2 Nf6 4. e5 Nfd7 5. Bd3 c5 6. c3 Nc6 7. Ne2 cxd4 8. cxd4 Qb6 9. Nf3 f6 10. exf6 Nxf6 11. O-O Bd6 12. Bf4 Bxf4 13. Nxf4 O-O 14. Re1 Ne4 15. g3 Qxb2 16. Bxe4 dxe4 17. Rxe4 Nb4 18. Ng5 Nxa2 19. Nd3 Qb5 20. Re5 Qc4 21. Rc5 Qxd4 22. Rxa2 h6 23. Nf3 Qe4 24. Nde5 b6 25. Rc7 a5 26. Re2 Qh7 27. Rd2 Ba6 28. Rdd7 b5 29. Rxg7+ Qxg7 30. Rxg7+ Kxg7 31. Qd7+ Kf6 32. Qh7 b4 33. Nd7# 1-0

[Event "FIDE WCCC Open-08 2024"]
[Site "Montesilvano"]
[Date "2024.11.26"]
[Round "11.33"]
[White "Borkowski, Jan"]
[Black "Czachurski, Ignacy"]
[Result "1-0"]
[ECO "D70"]
[WhiteElo "1481"]
[BlackElo "1672"]
[Annotator "NA RC"]
[PlyCount "121"]
[EventDate "2024.11.18"]
[EventType "swiss"]
[EventCountry "ITA"]
[SourceTitle "playchess.com"]
[Source "ChessBase"]
[SourceQuality "1"]
[TimeControl "5400+30"]

1. d4 Nf6 2. c4 g6 3. f3 d5 4. cxd5 Nxd5 5. e4 Nb6 6. Nc3 Bg7 7. Be3 O-O 8. Qd2 e5 9. d5 f5 10. O-O-O f4 11. Bc5 Re8 12. g4 N8d7 13. Bf2 Bf8 14. Bd3 Bc5 15. h4 Bxf2 16. Qxf2 h6 17. Bc2 Nc4 18. Bb3 Ne3 19. Rd2 Nc5 20. Bc2 b6 21. b3 Nb7 22. Nd1 Nxc2 23. Rxc2 a5 24. Nb2 Nc5 25. Kb1 Ba6 26. Qd2 Qd7 27. Ne2 Rad8 28. Rd1 Qe7 29. h5 g5 30. Nc3 b5 31. Nd3 Ra8 32. Nxc5 Qxc5 33. Na4 Qd6 34. Nc5 b4 35. Ne6 Rec8 36. Rc6 Qe7 37. Rdc1 Bb5 38. Rxc7 Rxc7 39. Nxc7 Rb8 40. Nxb5 Rxb5 41. d6 Qd8 42. d7 Rb8 43. Qd5+ Kh7 44. Qxe5 a4 45. Qf5+ Kg7 46. Qg6+ Kf8 47. Qxh6+ Kf7 48. Qg6+ Ke7 49. Qxg5+ Kf7 50. Qxf4+ Kg8 51. Qxb8 Qxb8 52. Rc8+ Qxc8 53. dxc8=Q+ Kh7 54. h6 a3 55. e5 Kg6 56. Qf5+ Kxh6 57. e6 Kg7 58. e7 Kh6 59. e8=Q Kg7 60. Qeg6+ Kh8 61. Qh7# 1-0

[Event "FIDE WCCC Open-08 2024"]
[Site "Montesilvano"]
[Date "2024.11.26"]
[Round "11.35"]
[White "Cardas, Serghei"]
[Black "Melkonyan, Mark"]
[Result "1/2-1/2"]
[ECO "D37"]
[WhiteElo "1627"]
[BlackElo "1445"]
[Annotator "NA RC"]
[PlyCount "236"]
[EventDate "2024.11.18"]
[EventType "swiss"]
[EventCountry "ITA"]
[SourceTitle "playchess.com"]
[Source "ChessBase"]
[SourceQuality "1"]
[TimeControl "5400+30"]

1. d4 d5 2. c4 e6 3. Nc3 Be7 4. Nf3 Nf6 5. Bf4 O-O 6. e3 h6 7. Bd3 dxc4 8. Bxc4 b6 9. O-O Bb7 10. Re1 Nbd7 11. Rc1 c5 12. Qe2 cxd4 13. exd4 Rc8 14. Bd3 Re8 15. Bg3 Nd5 16. Nxd5 exd5 17. Qd2 a5 18. a3 Rxc1 19. Rxc1 Bg5 20. Nxg5 Qxg5 21. Qxg5 hxg5 22. Bb5 Rc8 23. Rxc8+ Bxc8 24. Bxd7 Bxd7 25. Bc7 f6 26. Bxb6 a4 27. Kf1 Kf7 28. Ke2 Ke6 29. g3 g4 30. Ke3 f5 31. Kf4 g6 32. Ke3 Kd6 33. Bc5+ Kc6 34. Kf4 Be8 35. Ke5 Bf7 36. Kf6 Be8 37. Ke7 Bd7 38. Bb4 Bc8 39. Kf6 Kb5 40. Kxg6 Kc4 41. Bc3 Kd3 42. Kf6 Ke4 43. Kg5 Kf3 44. Be1 Ke2 45. Bc3 Kxf2 46. Kf4 Kg2 47. Be1 Kxh2 48. Ke5 Bb7 49. Kxf5 Kh3 50. Ke6 Kg2 51. Kd6 Kf1 52. Bd2 Ke2 53. Bf4 Kd3 54. Kc5 Kc2 55. Kb5 Kb3 56. Bd2 Ba8 57. Bc3 Bb7 58. Kc5 Ba8 59. Kd6 Kc4 60. Ke5 Bb7 61. Kf4 Bc8 62. Ke3 Bf5 63. Kf4 Bd7 64. Ke3 Bf5 65. Kf4 Bc8 66. Ke3 Bd7 67. Kd2 Bf5 68. Ke3 Be4 69. Kd2 Bf3 70. Ke3 Kb3 71. Kd2 Be4 72. Kc1 Ka2 73. Bb4 Kb3 74. Bc3 Bf3 75. Kd2 Be4 76. Kc1 Ka2 77. Bb4 Bf3 78. Bc3 Kb3 79. Kd2 Bg2 80. Kc1 Bf1 81. Kd2 Kc4 82. Ke3 Bd3 83. Kd2 Bb1 84. Ke3 Bc2 85. Kd2 Kb3 86. Kc1 Bh7 87. Kd2 Ka2 88. Kc1 Bd3 89. Bb4 Kb3 90. Bc3 Kc4 91. Kd2 Be4 92. Ke3 Bf3 93. Kd2 Kb5 94. Bb4 Kc6 95. Kc3 Kd7 96. b3 axb3 97. Kxb3 Bd1+ 98. Kc3 Ke6 99. Kd2 Ba4 100. Bc5 Kf5 101. Bd6 Ke4 102. Be5 Kf5 103. Kc3 Ke6 104. Kb4 Bd1 105. a4 Kd7 106. Kb5 Kc8 107. a5 Kb7 108. Kc5 Bf3 109. Bf6 Ka6 110. Bd8 Bg2 111. Kd6 Be4 112. Ke5 Bf3 113. Kf4 Kb5 114. Ke5 Bg2 115. Kd6 Be4 116. Bb6 Ka6 117. Kc7 Bd3 118. Kc6 Bf5 1/2-1/2

[Event "FIDE WCCC Open-08 2024"]
[Site "Montesilvano"]
[Date "2024.11.26"]
[Round "11.36"]
[White "Bakirli, Matin"]
[Black "Juzbasic, Marul"]
[Result "0-1"]
[ECO "C54"]
[WhiteElo "1578"]
[BlackElo "1726"]
[Annotator "NA RC"]
[PlyCount "74"]
[EventDate "2024.11.18"]
[EventType "swiss"]
[EventCountry "ITA"]
[SourceTitle "playchess.com"]
[Source "ChessBase"]
[SourceQuality "1"]
[TimeControl "5400+30"]

1. e4 e5 2. Nf3 Nc6 3. Bc4 Bc5 4. c3 Nf6 5. d4 exd4 6. e5 Ne4 7. cxd4 Bb4+ 8. Bd2 Nxd2 9. Nbxd2 d5 10. Bb5 O-O 11. Bxc6 bxc6 12. Qc2 Qd7 13. h3 f6 14. O-O Qe6 15. exf6 Qxf6 16. Ne5 c5 17. a3 cxd4 18. axb4 Qxe5 19. Qc6 Rb8 20. Rxa7 Qg5 21. f4 Qd8 22. Rxc7 Rxb4 23. Rc1 Bf5 24. Nf3 d3 25. Ne5 Rxb2 26. Qc3 Rc2 27. Rxc2 dxc2 28. g4 Be4 29. g5 Qe8 30. Ra7 Rxf4 31. Nf3 c1=Q+ 32. Qxc1 Rxf3 33. Qa1 Rg3+ 34. Kf2 Qf8+ 35. Ke2 Qf3+ 36. Kd2 Rg2+ 37. Ke1 Qe2# 0-1

[Event "FIDE WCCC Open-08 2024"]
[Site "Montesilvano"]
[Date "2024.11.26"]
[Round "11.37"]
[White "Petrenko, Tymofii"]
[Black "Kim, Rian B"]
[Result "1-0"]
[ECO "C02"]
[WhiteElo "1678"]
[BlackElo "1452"]
[Annotator "NA RC"]
[PlyCount "47"]
[EventDate "2024.11.18"]
[EventType "swiss"]
[EventCountry "ITA"]
[SourceTitle "playchess.com"]
[Source "ChessBase"]
[SourceQuality "1"]
[TimeControl "5400+30"]

1. e4 e6 2. d4 d5 3. e5 c5 4. c3 Nc6 5. Nf3 Bd7 6. a3 c4 7. Nbd2 Nge7 8. Be2 Na5 9. Rb1 Nc8 10. O-O Nb6 11. b3 cxb3 12. Nxb3 Nac4 13. Ra1 Be7 14. Bd3 Rc8 15. Qc2 h5 16. h3 g5 17. Nh2 f6 18. exf6 Bxf6 19. f4 Ba4 20. fxg5 Bxb3 21. Qxb3 Be7 22. g6 Qd6 23. g7 Rg8 24. Bh6 1-0

[Event "FIDE WCCC Open-08 2024"]
[Site "Montesilvano"]
[Date "2024.11.26"]
[Round "11.38"]
[White "Le Doan, Minh Thuc"]
[Black "Glod, Peter"]
[Result "1-0"]
[ECO "C56"]
[WhiteElo "1677"]
[BlackElo "1409"]
[Annotator "NA RC"]
[PlyCount "53"]
[EventDate "2024.11.18"]
[EventType "swiss"]
[EventCountry "ITA"]
[SourceTitle "playchess.com"]
[Source "ChessBase"]
[SourceQuality "1"]
[TimeControl "5400+30"]

1. e4 e5 2. Nf3 Nc6 3. d4 exd4 4. Bc4 Nf6 5. O-O Nxe4 6. Re1 d5 7. Bxd5 Qxd5 8. Nc3 Qh5 9. Nxe4 Be6 10. Bg5 Bd6 11. c4 Bb4 12. Re2 O-O 13. a3 Ba5 14. Rc1 a6 15. c5 Bg4 16. Ng3 Qg6 17. Bf4 Bxf3 18. gxf3 Qf6 19. Re4 g5 20. Bxg5 Qg6 21. Be7 Nxe7 22. Rg4 Qxg4 23. fxg4 c6 24. Qxd4 Rad8 25. Qf6 Ng6 26. Nf5 Bc3 27. Nh6# 1-0

[Event "FIDE WCCC Open-08 2024"]
[Site "Montesilvano"]
[Date "2024.11.26"]
[Round "11.39"]
[White "Bisetto, Alessandro Federico"]
[Black "Sverrisson, Dagur"]
[Result "1-0"]
[ECO "C55"]
[WhiteElo "1671"]
[BlackElo "1449"]
[Annotator "NA RC"]
[PlyCount "55"]
[EventDate "2024.11.18"]
[EventType "swiss"]
[EventCountry "ITA"]
[SourceTitle "playchess.com"]
[Source "ChessBase"]
[SourceQuality "1"]
[TimeControl "5400+30"]

1. e4 e5 2. Nf3 Nc6 3. Bc4 Nf6 4. d3 h6 5. O-O g5 6. d4 d5 7. exd5 e4 8. dxc6 exf3 9. Re1+ Be7 10. Qxf3 bxc6 11. Qxf6 Be6 12. Qxh8+ Bf8 13. Bxe6 fxe6 14. Rxe6+ Kf7 15. Rxh6 Bxh6 16. Qxh6 Qxd4 17. Nd2 Re8 18. Qh5+ Kf8 19. Qf3+ Kg7 20. Qc3 Qxc3 21. bxc3 c5 22. Bb2 Re2 23. Rd1 Re8 24. c4+ Kg6 25. Nf3 g4 26. Ne5+ Kg5 27. Re1 c6 28. Nf7+ 1-0

[Event "FIDE WCCC Open-08 2024"]
[Site "Montesilvano"]
[Date "2024.11.26"]
[Round "11.40"]
[White "Lee, Yoonjae A"]
[Black "Morais, Benjamin Guedes"]
[Result "0-1"]
[ECO "B13"]
[WhiteElo "1546"]
[BlackElo "1652"]
[Annotator "NA RC"]
[PlyCount "110"]
[EventDate "2024.11.18"]
[EventType "swiss"]
[EventCountry "ITA"]
[SourceTitle "playchess.com"]
[Source "ChessBase"]
[SourceQuality "1"]
[TimeControl "5400+30"]

1. e4 c6 2. d4 d5 3. exd5 cxd5 4. Bd3 Nc6 5. c3 Nf6 6. Bf4 Bg4 7. Qb3 Qc8 8. Nd2 e6 9. Ngf3 Be7 10. O-O O-O 11. Qc2 Bf5 12. Rae1 Nb4 13. cxb4 Qxc2 14. Bxc2 Bxc2 15. Rc1 Rac8 16. a3 Bf5 17. Ne5 Ne4 18. Nxe4 Bxe4 19. f3 Bg6 20. Rfe1 Bf6 21. Nd7 Bxd4+ 22. Kh1 Rfd8 23. Be5 Bxe5 24. Nxe5 Kf8 25. Nxg6+ hxg6 26. h3 Ke7 27. g4 Rxc1 28. Rxc1 Kd7 29. Kg2 Rc8 30. Rxc8 Kxc8 31. Kg3 Kd7 32. Kf4 Ke7 33. a4 f6 34. b5 e5+ 35. Ke3 Kd6 36. b4 d4+ 37. Ke4 Ke6 38. a5 b6 39. h4 f5+ 40. gxf5+ gxf5+ 41. Kd3 Kd5 42. h5 e4+ 43. fxe4+ fxe4+ 44. Kd2 Kc4 45. axb6 axb6 46. Kc2 Kxb4 47. Kd2 Kxb5 48. h6 gxh6 49. Ke2 Kc4 50. Kd2 e3+ 51. Kd1 Kd3 52. Kc1 e2 53. Kb2 e1=Q 54. Ka2 Kc2 55. Ka3 Qa5# 0-1

[Event "FIDE WCCC Open-08 2024"]
[Site "Montesilvano"]
[Date "2024.11.26"]
[Round "11.41"]
[White "Ameen Akbar T A"]
[Black "Schimming, Wilhelm"]
[Result "0-1"]
[ECO "B96"]
[WhiteElo "1579"]
[BlackElo "1628"]
[Annotator "NA RC"]
[PlyCount "100"]
[EventDate "2024.11.18"]
[EventType "swiss"]
[EventCountry "ITA"]
[SourceTitle "playchess.com"]
[Source "ChessBase"]
[SourceQuality "1"]
[TimeControl "5400+30"]

1. e4 c5 2. Nf3 d6 3. d4 cxd4 4. Nxd4 Nf6 5. Nc3 a6 6. Bg5 e6 7. f4 Nbd7 8. Qf3 Qc7 9. g4 h6 10. Bxf6 Nxf6 11. g5 hxg5 12. fxg5 Nd7 13. Nb3 Ne5 14. Qe2 Be7 15. h4 Ng6 16. Qg4 Qd8 17. Bg2 Bd7 18. O-O-O Rxh4 19. Qg3 Bxg5+ 20. Kb1 Be7 21. e5 d5 22. Qf3 Rxh1 23. Bxh1 Bc6 24. Rf1 Nxe5 25. Qg3 Ng6 26. Qf2 Bf6 27. Nd4 Qb6 28. Nce2 e5 29. Nf5 Qxf2 30. Rxf2 Kd7 31. Nxg7 Rh8 32. Ng3 Bxg7 33. Rxf7+ Ke6 34. Rxg7 Kf6 35. Rc7 Rh3 36. Bxd5 Bxd5 37. Rc3 Rh2 38. b3 Kg5 39. Rd3 Kf4 40. Ne2+ Rxe2 41. Rxd5 e4 42. Rd7 e3 43. Rf7+ Kg5 44. Rxb7 Rd2 45. Rb4 Rd1+ 46. Kb2 Kf5 47. Ra4 e2 48. Ra5+ Ne5 49. Rxa6 e1=Q 50. Ra8 Nc4+ 0-1

[Event "FIDE WCCC Open-08 2024"]
[Site "Montesilvano"]
[Date "2024.11.26"]
[Round "11.42"]
[White "Vrsalovic Acuna. Stjepan Anton"]
[Black "Tokmachov, Daniel"]
[Result "1/2-1/2"]
[ECO "B19"]
[WhiteElo "1452"]
[BlackElo "1565"]
[Annotator "NA RC"]
[PlyCount "101"]
[EventDate "2024.11.18"]
[EventType "swiss"]
[EventCountry "ITA"]
[SourceTitle "playchess.com"]
[Source "ChessBase"]
[SourceQuality "1"]
[TimeControl "5400+30"]

1. e4 c6 2. d4 d5 3. Nc3 dxe4 4. Nxe4 Bf5 5. Ng3 Bg6 6. h4 h6 7. h5 Bh7 8. Nf3 Nd7 9. Bd3 Bxd3 10. Qxd3 e6 11. Bd2 Ngf6 12. O-O-O Qc7 13. Ne4 Nxe4 14. Qxe4 Bd6 15. Rhe1 O-O-O 16. g3 Nf6 17. Qd3 Rhe8 18. Qb3 Nxh5 19. Rh1 Nf6 20. Rhe1 Nd7 21. Bb4 Bxb4 22. Qxb4 Kb8 23. Qc3 Rc8 24. Ne5 Nxe5 25. dxe5 Rcd8 26. f4 Rxd1+ 27. Rxd1 Rd8 28. Rd4 Rxd4 29. Qxd4 Qe7 30. c4 a6 31. c5 g5 32. b4 gxf4 33. Qxf4 Qg5 34. Kd2 Qxf4+ 35. gxf4 Kc7 36. Ke3 b6 37. Kf3 a5 38. a3 axb4 39. axb4 bxc5 40. bxc5 Kd7 41. Kg4 Ke7 42. Kh5 Kf8 43. Kxh6 Ke8 44. Kg5 Kf8 45. Kf6 Ke8 46. Kg5 Ke7 47. Kh6 Kf8 48. Kh7 Ke8 49. Kg8 Ke7 50. Kg7 Ke8 51. Kg8 1/2-1/2

[Event "FIDE WCCC Open-08 2024"]
[Site "Montesilvano"]
[Date "2024.11.26"]
[Round "11.43"]
[White "Kortmann, Pedro Reck"]
[Black "Solovev, Nikolai"]
[Result "0-1"]
[ECO "B22"]
[WhiteElo "1630"]
[BlackElo "1446"]
[Annotator "NA RC"]
[PlyCount "70"]
[EventDate "2024.11.18"]
[EventType "swiss"]
[EventCountry "ITA"]
[SourceTitle "playchess.com"]
[Source "ChessBase"]
[SourceQuality "1"]
[TimeControl "5400+30"]

1. e4 c5 2. c3 d5 3. exd5 Qxd5 4. d4 Nc6 5. Nf3 Bg4 6. Be2 cxd4 7. cxd4 e6 8. O-O Nf6 9. Nc3 Qa5 10. Bd2 Bb4 11. a3 Bxc3 12. Bxc3 Qb6 13. Re1 O-O 14. h3 Bh5 15. b4 Ne4 16. Bb2 Rfd8 17. Bd3 Nf6 18. g4 Bg6 19. Bxg6 hxg6 20. g5 Nd5 21. Rc1 a5 22. Ne5 Nxe5 23. Rxe5 axb4 24. axb4 Qxb4 25. Rb1 Nc3 26. Bxc3 Qxc3 27. Rxb7 Rxd4 28. Qe2 Ra1+ 29. Kh2 Rd2 30. Qe3 Rd3 31. Rb8+ Kh7 32. Qf4 Rxh3+ 33. Kg2 Rg1+ 34. Kxg1 Qa1+ 35. Kg2 Qh1# 0-1